Get step-by-step instructions on how to execute this build order below. Start the game timer, and the build order will tick by so you can play in parallel with StarCraft on a second screen or mobile device.

Game Time

  0:00

Last Step

  N/A

Next Step

Upcoming Step



Don't want to look back and forth between 2 screens? Try out our Overwolf App, the Spawning Tool Build Advisor to get an in-game overlay with this build!

Complete Build Order

  14  0:17  Supply Depot  
  15  0:39  Barracks  
  16  0:43  Refinery  
  17  1:02  SCV  
  19  1:26  Reaper, Orbital Command  
  20  1:39  Command Center  
  20  1:47  Supply Depot  
  20  1:27  Action  19th SCV builds Natural. Racks SVC Scouts
  21  1:58  Marine  cucks the OV
  22  2:08  Factory  
  23  2:20  Barracks Reactor  When done switch with Factory
  25  2:39  Command Center  
  26  2:51  Orbital Command  
  27  2:59  Starport  
  27  3:07  Refinery  
  27  3:11  Hellion x2  
  34  3:32  Hellion x2  
  38  3:39  Viking  Just A-Move to snipe OV's
  42  3:48  Barracks Tech Lab  Constant Marine Production now
  44  3:52  Liberator  Set up at 3rd to harass
  44  3:53  Orbital Command  
  45  4:01  Hellion x2  
  55  4:19  Supply Depot  
  55  4:20  Stimpack  
  58  4:28  Hellion x2  
  60  4:35  Supply Depot  
  65  4:52  Starport Reactor  3rd Racks goes there
  65  4:54  Barracks x2  Build at empty Factory Spot
  65  4:58  Factory Tech Lab  
  69  5:00  Refinery, Engineering Bay x2  
  70  5:07  Supply Depot, Orbital Command  
  71  5:15  Barracks x2  
  77  5:30  Refinery  
  80  5:37  Starport Reactor  
  84  5:57  Terran Infantry Weapons Level 1, Terran Infantry Armor Level 1  
  90  6:06  Barracks Reactor x2  
  93  6:22  Combat Shield  
  157  8:03  Terran Infantry Weapons Level 2  
  157  8:04  Terran Infantry Armor Level 2